Cogmind - Beta 16.1 @@@ ROGUE MODE // 2026.03.22 @ 05:07:05 Player: Strawberry Result: Destroyed by as-12834 with Assembled Rifle Performance ------------- Evolutions (0) 0 Regions Visited (2) 400 Robots Destroyed (2) 10 Value Destroyed (20) 20 Prototype IDs (0) 0 Alien Tech Used (0) 0 Bonus (0) 0 TOTAL SCORE: 430 Bonus ------- None Cogmind --------- Core Integrity 0/250 Matter 250/300 Energy 250/250 System Corruption 0% Temperature Cool (0) Movement Rolling (105) Ox1 Location -10/Mines Parts ------- > --- POWER (1) -------- Ion Engine > --- PROPULSION (2) --- Wheel Compact Wheel > --- UTILITY (2) ------ Large Storage Unit Large Storage Unit > --- WEAPON (2) ------- (None) > --- INVENTORY (15) --- Ion Engine Small Storage Unit Large Storage Unit Sensor Array Peak State ------------ > --- POWER ------------ Ion Engine > --- PROPULSION ------- Aluminum Leg Aluminum Leg > --- UTILITY ---------- Large Storage Unit Structural Scanner > --- WEAPON ----------- EM Pulse Gun Medium Laser > --- INVENTORY -------- Light Ion Engine Light Treads Light Treads Wheel Compact Wheel Small Storage Unit Large Storage Unit Large Storage Unit Sensor Array Medium Laser [Rating: 8] Favorites ----------- Power Ion Engine Engine Ion Engine Propulsion Aluminum Leg Treads Light Treads Leg Aluminum Leg Wheel Wheel Utility Large Storage Unit Device Structural Scanner Storage Large Storage Unit Weapon Medium Laser Energy Gun Medium Laser Launcher Rocket Launcher Build | -11 -10 -10 ------- Run | Yrd Mat Min Slots Evolved . | . . . Power . | . . . Propulsion . | . . . Utility . | . . . Weapon . | . . . Parts Attached 17 | 6 2 9 Power 3 | 1 . 2 Engine 3 | 1 . 2 Core . | . . . Reactor . | . . . Propulsion 6 | 2 . 4 Treads 2 | . . 2 Leg 2 | 2 . . Wheel 2 | . . 2 Hover . | . . . Flight . | . . . Utility 4 | 1 2 1 Device 1 | . 1 . Storage 3 | 1 1 1 Processor . | . . . Hackware . | . . . Protection . | . . . Artifact . | . . . Weapon 4 | 2 . 2 Energy Gun 3 | 2 . 1 Energy Cannon . | . . . Ballistic Gun . | . . . Ballistic Cannon . | . . . Launcher 1 | . . 1 Special Weapon . | . . . Impact Weapon . | . . . Slashing Weapon . | . . . Piercing Weapon . | . . . Special Melee Weapon . | . . . Unidentified Prototypes . | . . . Parts Lost 11 | . . 11 Power 2 | . . 2 Propulsion 4 | . . 4 Utility 1 | . . 1 Weapon 4 | . . 4 Highest Loss Streak 6 | . . 6 To Critical Strikes . | . . . Average Backups 7 | 2 8 7 Power . | . 1 . Propulsion 3 | 1 4 2 Utility 2 | . 2 3 Weapon . | . 1 . Tool/Special . | . . . Unused Backups 3 | . . 3 Power 1 | . . 1 Propulsion . | . . . Utility 2 | . . 2 Weapon . | . . . Tool/Special . | . . . Average Slot Usage (%) 86 | . 96 80 Engine 12 | . 14 11 Treads 5 | . . 9 Leg 19 | . 28 14 Wheel 1 | . . 2 Device 10 | . 10 11 Storage 14 | . 14 15 Energy Gun 19 | . 28 14 Peak Build Rating 8 | 6 8 8 Average Rating 6 | 4 7 6 On Entrance 4 | . 6 8 Avg Prop Armor Cover (%) . | . . . Naked Turns . | . . . Heaviest Build 45 | 14 30 45 Greatest Support 40 | 20 20 40 Greatest Overweight (x) 2 | 1 1 2 Average Overweight (x) . | . . . Largest Inventory Capacity 15 | 8 15 15 Average Capacity 12 | 7 12 15 Most Carried 10 | 6 10 10 Average Carried 7 | 2 8 7 Final Capacity 15 | 8 15 15 Final Carried 10 | 6 10 4 Class Distribution -------------------- 100% | Mutant Dominant Class ---------------- Mutant | -10/Materials Mutant | -10/Mines Resources | -11 -10 -10 ----------- Run | Yrd Mat Min Matter Collected 309 | 181 24 104 Remotely . | . . . Salvage Created 24 | . 24 . Parts 4 | . 4 . Haulers Intercepted . | . . . Recyclers Shooed 1 | . . 1 Parts Field Recycled . | . . . Retrieved Matter . | . . . Parts Self-Destructed . | . . . Prevented . | . . . Parts Restored . | . . . Kills | -11 -10 -10 ------- Run | Yrd Mat Min Combat Hostiles Destroyed 2 | . 2 . Guns 2 | . 2 . Classes Destroyed 1 | . 1 . Swarmer 2 | . 2 . Best Kill Streak 2 | . 2 . Combat Bots Only 2 | . 2 . Max Kills in Single Turn 1 | . 1 . Gunslinging . | . . . Exploded . | . . . Melee . | . . . Uniques/NPCs Destroyed . | . . . Combat | -11 -10 -10 -------- Run | Yrd Mat Min Hostile Shots Fired 45 | . 12 33 Missed 10 | . 5 5 Hits 35 | . 7 28 Projectile 35 | . 7 28 AOE 27 | . . 27 Damage Taken 1162 | . 55 1107 Core 256 | . 7 249 Absorbed by Shields . | . . . Core Remaining (%) 100 | 100 . . Volleys Fired 10 | 1 3 6 Largest 2 | 2 2 2 Hottest 100 | 90 90 100 Shots Fired 16 | 2 6 8 Gun 12 | 2 6 4 Cannon . | . . . Launcher 4 | . . 4 Special . | . . . Kinetic . | . . . Thermal 8 | 1 3 4 Explosive 4 | . . 4 Electromagnetic 4 | 1 3 . Robot Hit Streak 2 | . 1 2 Robot Miss Streak 2 | . 1 2 Penetration Max . | . . . Secondary Targets . | . . . Shots Hit Robots 5 | . 1 4 Core Hits 4 | . 2 2 Critical Kills . | . . . Critical Parts Destroyed . | . . . Critical Strikes . | . . . Melee Attacks . | . . . Impact . | . . . Slashing . | . . . Piercing . | . . . Sneak Attacks . | . . . Combat Hostiles . | . . . Follow-up Attacks . | . . . Damage Inflicted 66 | . 24 42 Guns 36 | . 24 12 Cannons . | . . . Explosions 30 | . . 30 Melee . | . . . Ramming . | . . . Kinetic . | . . . Thermal 25 | . 13 12 Explosive 30 | . . 30 Electromagnetic 11 | . 11 . Impact . | . . . Slashing . | . . . Piercing . | . . . Highest Corruption . | . . . Average Corruption . | . . . Corruption Purged . | . . . Corruption Blocked . | . . . Overload Shots . | . . . Overflow Damage . | . . . Projectiles . | . . . Explosions . | . . . Melee . | . . . Knockbacks . | . . . Impact . | . . . Kinetic . | . . . Secondary . | . . . Self-Inflicted Damage 39 | . . 39 Shots 1 | . . 1 Rammed . | . . . Targets Rammed . | . . . Kicked . | . . . Crushed . | . . . Highest Temperature 90 | 30 90 78 Average Temperature 37 | 18 47 33 Received Heat Transfer 40 | . . 40 Siege Activations . | . . . Martial Activations . | . . . Shielding Activations . | . . . Robots Disrupted . | . . . Combat Hostiles . | . . . Robots Corrupted . | . . . Combat Hostiles . | . . . Parts Fried . | . . . Impact Corruptions . | . . . Robots Melted . | . . . Combat Hostiles . | . . . Parts Melted . | . . . Heat Transferred 74 | . 37 37 Parts Sabotaged . | . . . Parts Stolen . | . . . Parts Stripped . | . . . Power Chain Reactions . | . . . Alert | -11 -10 -10 ------- Run | Yrd Mat Min Maximum Alert Level . | . . . Low Security (%) 100 | 100 100 100 Level 1 . | . . . Level 2 . | . . . Level 3 . | . . . Level 4 . | . . . Level 5 . | . . . High Security . | . . . Max Security . | . . . Peak Influence 50 | . 50 15 Initial 15 | . . 15 Average 1 | . 3 1 Influence Increases 56 | . 55 1 Destroy 0b10 Robot/C 40 | . 40 . Destroy Leader 10 | . 10 . Successful Hack 5 | . 5 . Destroy Structure 1 | . . 1 Influence Decreases 56 | . 15 41 Entered New Map 25 | . . 25 Time Decay 30 | . 15 15 Lost Part 1 | . . 1 Squads Dispatched . | . . . Investigation . | . . . Extermination . | . . . Reinforcement . | . . . Assault . | . . . Garrison . | . . . Intercept . | . . . Searches Triggered . | . . . Construction Impeded . | . . . Haulers Reinforced . | . . . Active Scanning Responses . | . . . Cargo Convoy Interrupts . | . . . Stealth | -11 -10 -10 --------- Run | Yrd Mat Min Distress Signals 2 | . 2 . Communications Jammed . | . . . Distress Signals . | . . . Times Spotted 18 | . 5 13 Peak Tracking Total 9 | . 4 9 Tactical Retreats 3 | . . 3 Traps | -11 -10 -10 ------- Run | Yrd Mat Min Traps Triggered . | . . . Indirectly . | . . . Trap Hack Attempts . | . . . Triggered . | . . . Disarmed . | . . . Reprogrammed . | . . . Reused . | . . . Traps Extracted . | . . . Installed . | . . . Triggered . | . . . Machines | -11 -10 -10 ---------- Run | Yrd Mat Min Machines Disabled . | . . . Max in Single Turn . | . . . Machines Repaired . | . . . Machines Dismantled . | . . . Machines Sabotaged . | . . . Overloaded Fab Kills . | . . . Hacking | -11 -10 -10 --------- Run | Yrd Mat Min Machines Accessed 2 | . 2 . Terminals 2 | . 2 . Fabricators . | . . . Repair Stations . | . . . Recycling Units . | . . . Scanalyzers . | . . . Garrison Access . | . . . Total Hacks 5 | . 5 . Successful 1 | . 1 . Failed 4 | . 4 . Catastrophic 2 | . 2 . Database Lockouts . | . . . Manual 5 | . 5 . Terminals 5 | . 5 . Fabricators . | . . . Repair Stations . | . . . Recycling Units . | . . . Scanalyzers . | . . . Garrison Access . | . . . Terminal Hacks 1 | . 1 . Zone Layout 1 | . 1 . Fabricator Hacks . | . . . Repair Station Hacks . | . . . Recycling Unit Hacks . | . . . Scanalyzer . | . . . Garrison Access Hacks . | . . . Unauthorized Hacks . | . . . Terminals . | . . . Fabricators . | . . . Repair Stations . | . . . Recycling Units . | . . . Scanalyzers . | . . . Garrison Access . | . . . Data Cores Recovered . | . . . Used . | . . . Hacking Detections 2 | . 2 . Full Trace Events . | . . . Feedback Events . | . . . Feedback Blocked . | . . . Robot Schematics Acquired . | . . . Robots Built . | . . . Authchips . | . . . Time . | . . . Total Robot Build Rating . | . . . Part Schematics Acquired . | . . . Parts Built . | . . . Authchips . | . . . Time . | . . . Total Part Build Rating . | . . . Part Studies Acquired . | . . . Parts Repaired . | . . . Time . | . . . Parts Recycled . | . . . Recycled Matter . | . . . Retrieved Matter . | . . . Retrieved Components . | . . . Parts Scanalyzed . | . . . Part Schematics Acquired . | . . . Parts Damaged . | . . . Bothacking | -11 -10 -10 ------------ Run | Yrd Mat Min Used RIF Installer . | . . . Robots Hacked . | . . . Non-combat . | . . . Combat . | . . . Robot Hacks Applied . | . . . Relay Couplers Released . | . . . Fabnet Peak Effective % . | . . . Robots Rewired . | . . . Allies Hacked . | . . . Hacks Repelled . | . . . Allies | -11 -10 -10 -------- Run | Yrd Mat Min Total Allies . | . . . Largest Group . | . . . Highest-Rated Group . | . . . Highest-Rated Ally . | . . . Total Orders . | . . . Ally Attacks . | . . . Total Damage . | . . . Kills . | . . . Allies Corrupted . | . . . Allies Melted . | . . . Intel | -11 -10 -10 ------- Run | Yrd Mat Min Active Infowar (turns) 367 | . 143 224 Structural 367 | . 143 224 Robot Analysis Total . | . . . Derelict Logs Recovered 1 | . . 1 Drone Launches . | . . . Drone Recoveries . | . . . Exploration | -11 -10 -10 ------------- Run | Yrd Mat Min Turns Passed 541 | 78 185 278 Spaces Moved 310 | 54 110 146 Core 9 | 9 . . Treads 55 | . . 55 Legs 225 | 45 110 70 Wheels 21 | . . 21 Hover . | . . . Flight . | . . . Fastest Speed 50 | 50 120 105 Average Speed 154 | 112 155 169 Slowest Speed 260 | 120 190 260 Overloaded Moves . | . . . Propulsion Burnouts . | . . . Robots Hopped . | . . . Potential Cave-ins . | . . . Cave-ins Triggered . | . . . Exploration Rate (%) 24 | 3 33 38 Regions Visited 2 Branch Regions 1 Pre-discovered Areas . | . . . Known Exits Taken . | . . . Unknown Exits Taken 2 | 1 1 . Scrap Searched 1 | . . 1 Spaces Dug . | . . . Terrain Destroyed 5 | . . 5 Melee . | . . . Projectile . | . . . AOE 5 | . . 5 Terrain Rammed . | . . . Walls Destroyed . | . . . Machines Disabled . | . . . Actions | -11 -10 -10 --------- Run | Yrd Mat Min Total 350 | 66 117 167 Wait 5 | . . 5 Move 308 | 53 109 146 Hop . | . . . Pick Up 10 | 6 3 1 Fast Attach 9 | 6 1 2 Attach 7 | . . 7 Detach . | . . . Swap 1 | . 1 . Drop . | . . . Fire 10 | 1 3 6 Melee . | . . . Ram . | . . . Kick . | . . . Crush . | . . . Escape Stasis . | . . . Rewire . | . . . Trap . | . . . Miscellaneous . | . . . Route ------- -11/Scrapyard -10/Materials -10/Mines (discovered 1 exit: Sub) History --------- Turn | Location | Event 7 | -11/Scrapyard | Discovered new exit (range 16) 79 | -11/Scrapyard | Entered Materials 228 | -10/Materials | Discovered new exit (range 13) 264 | -10/Materials | Entered Mines 293 | -10/Mines | Identified exit to Subcaves 300 | -10/Mines | Build established: Mutant 339 | -10/Mines | Assembled infested the area 344 | -10/Mines | Assisted by a Guerilla fighting off Assembled 416 | -10/Mines | Received a Rocket Launcher from a helpful Derelict 423 | -10/Mines | Core integrity fell below 50% 461 | -10/Mines | Lost 6 parts (1p2n3w) 463 | -10/Mines | Core integrity fell below 20% 499 | -10/Mines | Found DCF Scrap (11 items) 542 | -10/Mines | Destroyed by as-12834 with Assembled Rifle Last Messages --------------- 00499_ Found 104 Matter. A note is attached: "With love, from the DCF." 00500_ Acquired 104 matter. 00502_ as-77697 sneak attacks. 00503_ Acquired Ion Engine. 00503_ Lgt. Treads destroyed. 00507_ Acquired Ion Engine. 00510_ U-05 Engineer builds a Wall. 00511_ U-05 Engineer lays Concrete. 00512_ U-05 Engineer destroyed. 00512_ R-06 Scavenger collects Wheel. 00514_ U-05 Engineer lays Concrete. 00515_ U-05 Engineer builds a Wall. 00517_ Lgt. Treads destroyed. 00517_ R-06 Scavenger collects Lgt. Ion Engine. 00519_ U-05 Engineer builds a Wall. 00521_ The unstable cave ceiling collapses. 00522_ as-77697 destroyed. 00523_ U-05 Engineer builds a Wall. 00529_ The unstable cave ceiling collapses. Map ----- +----------------------------------------------------+ | ????#### ###### ##????????????????????? | | ????####### ## ########### ??????????? | | ??????######### % ########### ??????????? | | ??????????#### % ### ??????????? | | ??????????# % # ??????????? | | ?????????## % ## ###???????????????? | | ????????## %## # # ###???????????????? | | ????????# # ## # ##????????????????? | | ?????????# # ### # #####??######?????? | | ?????????# ] #### # #####?########????? | | ?????????# ! ### ## # ##?## ###????? | | ??????####### ##### #### ##????? | | ??????# #?# #### ##????? | | ??????# #### #?## * ### ###????? | | ???????????# #?## # %!# ###?????? | | ???????????# # ####?### * ##??????? | | ???????????### ###??### ###??????? | | ????????????## ###???### # a ####??????? | | ????????????## ##??##### ## ######???????? | | ????????????### ##?##### ## ######????????? | | ?????????????## ##?### ####### ###???????????? | | ?????????????## ##### ###### # ???????????? | | ?????????????## ##### ##### ##### ???? | | ?????????????## #### # # =%! ####### ???? | | ?????????????## % ] *= ##???? | | ?????????????## ### @ =%=%a ##???? | | ?????????????## ######### # ##???? | | ?????????????## ########## # ##???? | | ?????????????## ##?????#### # ## ##???? | | ?????????????## ###?????#### #### ??? | | ????????????### ####?????#### ### ##### ###??? | | ???????????#### =###??????### ########## ###??? | | ???????????### ###??????############?## ##???? | | ???????????## !#####????#######??????## ##???? | | ???????????## ####?????????????????## ##???? | | ???????????###[ ###?????????????????? ##???? | | ???????????#### ##?????????????????? ##???? | | ????????????### # ##?????????????????? ##???? | | ?????????????## ## ###?????????????????? ##???? | | ????????????? #######?????????????????? ?????? | | ?????????????? ######??????????????????? ?????? | | ?????????????? ##??????????????????????????????? | | ?????????????? ###??????????????????????????????? | | ????????????? ####??????????????????????????????? | | ????????????? ####???????????????????????????????? | | ????????????? ##?????????????????????????????????? | | ?????????????????????????????????????????????????? | | ?????????????????????????????????????????????????? | | ?????????????????????????????????????????????????? | | ?????????????????????????????????????????????????? | +----------------------------------------------------+ Best States ------------- Heat Dissipation 25 Energy Generation 10 Energy Capacity 250 Matter Stores 275 Matter Capacity 300 Sight Range 16 Terrain Scan Density 10 Evasion (%) 55 Recoil Reduction 2 Item Schematics ----------------- None Robot Schematics ------------------ None Fabricated ------------ Nothing Repaired ---------- Nothing Studied --------- None Alien Tech Used ----------------- None Achievements -------------- None Challenges ------------ None Game ------ Seed MatterExoskeletonChaingun Manual? 0 Play Time 00:07:08 Cumulative 18.9 hours Start 2026.03.22 @ 04:52:52 End 2026.03.22 @ 05:07:05 Sessions 1 Manual Loads 0 Difficulty Rogue Special Mode None Game No. 24 Rogue 24 Adventurer 0 Explorer 0 Win Type - Total 0 Types 0/0/0/0/0/0/0/0/0/0 Lore% 12 Gallery% 18 Achievement% 14 Wizard Run 0 Options --------- Layout 1 ASCII 0 Keyboard 0 Movement Numpad Keybinds 0 Fullscreen 0 Font 28/SmallcapsGlow Map View 50x35 Zoom Use 0% Tactical HUD 1 Map Filters NONE Filters NONE Steam 1 RUN: 77f7ae0f-e9e2-4522-a161-727708b36cc7